 Dungeon Crawl Stone Soup version 0.17-a0-1718-g72dbe4d (webtiles) character file.

35 kae the Firebug (level 3, 0/19 HPs)
             Began as a Tengu Fire Elementalist on Aug 24, 2015.
             Slain by a hobgoblin
             ... wielding a +0 hand axe
              (7 damage)
             ... on level 2 of the Dungeon.
             The game lasted 00:01:11 (836 turns).

kae the Firebug (Tengu Fire Elementalist)            Turns: 836, Time: 00:01:11

Health: 0/19       AC:  3    Str:  8    XL:     3   Next: 35%
Magic:  7/7        EV: 12    Int: 16    God:
Gold:   33         SH:  0    Dex: 14    Spells: 1 memorised, 5 levels left

rFire  . . .     SeeInvis .     e - +0 short sword
rCold  . . .     Clarity  .     a - +0 robe
rNeg   . . .     SustAt   .     (no shield)
rPois  .         Gourm    .     (helmet restricted)
rElec  .         Spirit   .     i - +0 cloak
rCorr  .         Warding  .     (no gloves)
rMut   .         Stasis   .     (boots unavailable)
MR     +....                    (no amulet)
Stlth  ++........               (no ring)
                                n - ring of protection from magic

@: somewhat resistant to hostile enchantments, unstealthy
A: beak, talons 3
a: no special abilities


You were on level 2 of the Dungeon.
You were not hungry.

You visited 1 branch of the dungeon, and saw 2 of its levels.

You collected 33 gold pieces.

Inventory:

Hand weapons
 e - a +0 short sword (weapon)
Armour
 a - a +0 robe (worn)
 i - a +0 cloak (worn)
Jewellery
 n - a ring of protection from magic (left hand)
Scrolls
 f - 2 scrolls of identify {unknown}
 g - a scroll of teleportation {unknown}
 k - 3 scrolls of remove curse {unknown}
Potions
 j - a potion of magic {unknown}
 l - a potion of degeneration {unknown}
 m - a potion of heal wounds {unknown}
Books
 b - a book of Flames

   Spells                             Type                      Level
   a - Flame Tongue                   Conjuration/Fire             1
   b - Throw Flame                    Conjuration/Fire             2
   c - Conjure Flame                  Conjuration/Fire             3
   d - Inner Flame                    Hexes/Fire                   3
   e - Sticky Flame                   Conjuration/Fire             4
   f - Fireball                       Conjuration/Fire             5
Comestibles
 c - a bread ration
 d - a meat ration
 h - a slice of pizza


   Skills:
 - Level 2.1 Dodging
 - Level 2.0 Stealth
 - Level 2.0 Spellcasting
 - Level 1.3 Conjurations
 + Level 4.7 Fire Magic


You had 5 spell levels left.
You knew the following spells:

 Your Spells              Type           Power        Failure   Level  Hunger
a - Flame Tongue          Conj/Fire      ##...        8%          1    #......


Dungeon Overview and Level Annotations

Branches:
Dungeon (2/15)

Altars:


Innate Abilities, Weirdness & Mutations

You have a beak for a mouth.
You have claws for feet.


Message History

You kill the giant cockroach!
The hobgoblin misses you.
You hit the hobgoblin but do no damage. Your kick misses the hobgoblin.
Your peck misses the hobgoblin. The hobgoblin barely misses you.
You hit the hobgoblin but do no damage. You peck the hobgoblin.
The hobgoblin is severely wounded.
The hobgoblin hits you with a hand axe.
You hit the hobgoblin but do no damage. Your kick misses the hobgoblin.
The hobgoblin is severely wounded.
The hobgoblin hits you but does no damage.
You barely miss the hobgoblin. Your kick misses the hobgoblin.
The hobgoblin is severely wounded.
The hobgoblin closely misses you.
You closely miss the hobgoblin.
The hobgoblin is severely wounded.
The hobgoblin hits you with a hand axe.
You completely miss the hobgoblin.
The hobgoblin is severely wounded.
The hobgoblin hits you with a hand axe!
You die...

.............
...8...8....
...........
###....⌠....###
#.............###
.$..8...8......#
.........g......
#...8.@.# ##.....##
##...## ##.##
######## ##'######
.......# #...#...#
.......# ##.......#
.......#
###.......##
.....†.###...###.###


You could see a hobgoblin.

Vanquished Creatures
  An ooze (D:2)
  A worm (D:2)
  A giant gecko (D:1)
  5 giant cockroaches
  3 goblins
  2 hobgoblins (D:1)
  4 jackals (D:1)
  4 bats (D:1)
  2 giant newts (D:1)
  3 kobolds
  A rat (D:1)
27 creatures vanquished.

Notes
Turn   | Place    | Note
--------------------------------------------------------------
     0 | D:1      | kae the Tengu Fire Elementalist began the quest for the Orb.
     0 | D:1      | Reached XP level 1. HP: 10/10 MP: 4/4
   123 | D:1      | Reached XP level 2. HP: 15/15 MP: 6/6
   200 | D:1      | Reached skill level 4 in Fire Magic
   578 | D:2      | Reached XP level 3. HP: 19/19 MP: 1/7
   836 | D:2      | Slain by a hobgoblin

Vault maps used:
D:1:      scummos_arrival_hexagon
D:2:      minmay_overflow_temple_star_hex, uniq_jessica

Action                   || total
-------------------------++-------
Melee: Short sword       ||    49
       Unarmed           ||     1
 Cast: Flame Tongue      ||    20
 Stab: Sleeping          ||     5
